 Dungeon Crawl Stone Soup version 0.16-a0-715-g16937c4 (console) character file.

78 Kellhus the Chopper (level 4, -2/28 HPs)
             Began as a Gargoyle Fighter on Sept 21, 2014.
             Slain by Sigmund
             ... wielding a +0 scythe of venom
              (3 damage)
             ... on Level 2 of the Dungeon.
             The game lasted 00:01:21 (935 turns).

Kellhus the Chopper (Gargoyle Fighter)               Turns: 935, Time: 00:01:21

HP  -2/28        AC 11     Str 19      XL: 4   Next: 36%
MP   4/4         EV  6     Int  9      God:
Gold 52          SH  9     Dex 10      Spells:  0 memorised,  3 levels left

rFire  . . .     SeeInvis .     a - +0 war axe
rCold  . . .     Clarity  .     b - +0 scale mail
rNeg   + . .     rCorr    .     c - +0 shield
rPois  +         rRot     +     (no helmet)
rElec  +         Spirit   .     (no cloak)
SustAb .         Warding  .     (no gloves)
rMut   .         Stasis   .     o - +0 pair of boots
Gourm  .                        (no amulet)
MR     .....                    (no ring)
                                l - ring of wizardry

@: not resistant to hostile enchantments, extremely unstealthy
A: negative energy resistance 1, electricity resistance, unbreathing,
petrification resistance, rot immunity, AC +3
a: no special abilities


You were on level 2 of the Dungeon.
You were not hungry.

You visited 1 branch of the dungeon, and saw 2 of its levels.

You collected 52 gold pieces.

Inventory:

Hand weapons
 a - a +0 war axe (weapon)
Armour
 b - a +0 scale mail (worn)
 c - a +0 shield (worn)
 o - a +0 pair of boots (worn)
Comestibles
 d - a bread ration
 g - 3 fruits
 k - 2 meat rations
Scrolls
 f - a scroll of fog {unknown}
 j - 2 scrolls of noise {unknown}
 n - a scroll of identify {unknown}
 p - a scroll of fear {unknown}
 q - a scroll of teleportation {unknown}
 s - a scroll of blinking {unknown}
Jewellery
 l - a ring of wizardry (left hand)
Potions
 e - a potion of might
 h - a potion of heal wounds {unknown}
 i - a potion of magic {unknown}
 m - a potion of mutation {unknown}
 r - a potion of confusion {unknown}
 t - a potion of lignification {unknown}


   Skills:
 - Level 3.2 Fighting
 + Level 4.0 Axes
 - Level 3.2 Armour
 - Level 3.2 Shields


You had 3 spell levels left.
You didn't know any spells.

Dungeon Overview and Level Annotations

Branches:
Dungeon (2/15)

Altars:

Annotations:
D:2 Sigmund


Innate Abilities, Weirdness & Mutations

You are resistant to torment.
You are immune to poison.
Your stone body is very resilient (AC +3).
You resist negative energy.
You are resistant to electric shocks.
You can survive without breathing.
You are immune to petrification.
You are immune to rotting.


Message History

You hear some strange, mumbled words.
The magic dart hits you!
You hit something. Something hits you.
You miss something. Something completely misses you.
You miss something.
You hear some strange, mumbled words.
The magic dart hits you!
You closely miss something.
You hear some strange, mumbled words.
The puff of flame hits you!
* * * LOW HITPOINT WARNING * * *
You hear some strange, mumbled words.
The magic dart hits you!
* * * LOW HITPOINT WARNING * * *
You hit something but do no damage.
You hear some strange, mumbled words.
The puff of flame hits you!
Unknown command.
You closely miss something. Something hits you.
You die...

..# #.... #.# #.
####.###.##.##.#####.
.....##.##..........
###...............)..
.....##.#####.######
######..#>..###...# #
#.!....%..........# #
#.####..#...###...# #
#@.##.## ##### #
#..##.# # ...##%# #
##.###.# # ..# #.# #
### #.# ##### #.#
#.... #.# #.### #.#
#.#


There were no monsters in sight!

Vanquished Creatures
  4 adders (D:2)
  A giant mite (D:1)
  A worm (D:2)
  A giant gecko (D:2)
  2 oozes (D:1)
  2 giant cockroaches
  3 hobgoblins (D:1)
  3 bats
  2 giant newts
  4 goblins (D:1)
  5 kobolds
  2 rats
30 creatures vanquished.

Notes
Turn   | Place    | Note
--------------------------------------------------------------
     0 | D:1      | Kellhus, the Gargoyle Fighter, began the quest for the Orb.
     0 | D:1      | Reached XP level 1. HP: 14/14 MP: 1/1
     9 | D:1      | Reached XP level 2. HP: 19/19 MP: 2/2
   298 | D:1      | Reached XP level 3. HP: 23/23 MP: 3/3
   838 | D:2      | Reached XP level 4. HP: 23/28 MP: 4/4
   911 | D:2      | Reached skill level 4 in Axes
   918 | D:2      | Noticed Sigmund
   933 | D:2      | HP: 1/28 [something/magic dart (3)]
   935 | D:2      | Slain by Sigmund

Action                   |  1- 3 |  4- 6 || total
-------------------------+-------+-------++-------
Melee: War axe           |   102 |    38 ||   140
